 Dungeon Crawl Stone Soup version 0.28-a0-1206-g193881aaa2 (webtiles) character file.

Game seed: 3304539736045080424

19576 pokeman the Eclecticist (level 12, -10/59 HPs)
             Began as a Deep Elf Hedge Wizard on Dec 20, 2021.
             Was an Elder of Vehumet.
             Mangled by a minotaur zombie (16 damage)
             ... in a Gauntlet.
             The game lasted 00:44:36 (19264 turns).

pokeman the Eclecticist (Deep Elf Hedge Wizard)    Turns: 19264, Time: 00:44:37

Health: -10/59     AC: 10    Str: 13    XL:     12   Next: 37%
Magic:  30/44      EV: 11    Int: 27    God:    Vehumet [****..]
Gold:   614        SH:  4    Dex: 10    Spells: 26/46 levels left

rFire   . . .      SeeInvis .   x - +11 rapier "Vygeliaf" {vorpal, rElec rCorr Int+2}
rCold   . . .      Faith    .   M - +0 buckler
rNeg    . . .      Spirit   .   P - +1 acid dragon scales
rPois   .          Reflect  .   c - +0 hat
rElec   +          Harm     .   m - +0 cloak
rCorr   +          Rampage  .   F - +0 pair of gloves
Will    +....      NoTele   +   (no boots)
Stlth   ++........              (no amulet)
HPRegen 0.19/turn               k - ring "Nuosk" {Wiz Fly rCorr Str+6 Dex-4}
MPRegen 0.29/turn               a - ring of magical power

@: flying
A: antennae 1, frail 1
a: Renounce Religion


You were in a Gauntlet.
You worshipped Vehumet.
Vehumet was greatly pleased with you.
You visited 2 branches of the dungeon, and saw 13 of its levels.
You also visited: Gauntlet.

You collected 839 gold pieces.
You spent 225 gold pieces at shops.

Inventory:

Hand Weapons
 x - the +11 rapier "Vygeliaf" (weapon) {vorpal, rElec rCorr Int+2}
   (You bought it in a shop on level 4 of the Dungeon)

   It inflicts extra damage upon your enemies.
   Int:       It affects your intelligence (+2).
   rElec:     It insulates you from electricity.
   rCorr:     It protects you from acid and corrosion.
 V - a +1 shortbow of freezing
Missiles
 K - 228 arrows
Armour
 c - a +0 hat (worn)
 m - a +0 cloak (worn)
 w - a +1 robe of resistance
 F - a +0 pair of gloves (worn)
 M - a +0 buckler (worn)
 P - +1 acid dragon scales (worn)
Magical Staves
 l - a staff of poison
Jewellery
 a - a ring of magical power (right hand)
 f - a +6 ring of strength
 g - an amulet of reflection
 i - a ring of flight
 j - a ring of resist corrosion
 k - the ring "Nuosk" (left hand) {Wiz Fly rCorr Str+6 Dex-4}
   (You found it in a Gauntlet)

   [ring of wizardry]

   It improves your spell success rate.
   Str:       It affects your strength (+6).
   Dex:       It affects your dexterity (-4).
   Fly:       It grants you flight.
   rCorr:     It protects you from acid and corrosion.
Wands
 C - a wand of acid (16)
 I - a wand of digging (5)
 N - a wand of iceblast (12)
Scrolls
 b - a scroll of blinking {unknown}
 e - a scroll of summoning {unknown}
 t - 3 scrolls of magic mapping
 v - 4 scrolls of teleportation {unknown}
 A - 4 scrolls of enchant armour {unknown}
 E - 2 scrolls of torment {unknown}
 H - 2 scrolls of immolation {unknown}
 Q - 2 scrolls of fog {unknown}
Potions
 d - 2 potions of curing
 h - a potion of mutation
 u - 2 potions of heal wounds {unknown}
 z - 2 potions of degeneration {unknown}
 L - 2 potions of magic {unknown}
 O - 4 potions of might {unknown}
 W - a potion of lignification {unknown}
Miscellaneous
 S - a piece from Xom's chessboard (15/15)
 U - a condenser vane (inert)


   Skills:
 - Level 4.0 Fighting
 + Level 4.1 Armour
 - Level 3.0 Dodging
 - Level 3.0 Stealth
 - Level 4.0 Shields
 * Level 17.5 Spellcasting
 + Level 10.2 Conjurations
 - Level 1.1 Summonings
 - Level 1.1 Translocations
 + Level 9.5 Fire Magic
 - Level 1.1 Air Magic
 - Level 1.1 Earth Magic
 - Level 1.0 Poison Magic
 - Level 1.3 Evocations


You had 26 spell levels left.
You knew the following spells:

 Your Spells              Type           Power      Damage    Failure   Level
a - Magic Dart            Conj           100%       1d8       1%          1
b - Mephitic Cloud        Conj/Pois/Air  45%        N/A       1%          3
c - Call Imp              Summ           29%        N/A       1%          2
d - Blink                 Tloc           58%        N/A       1%          2
e - Conjure Flame         Conj/Fire      67%        6-21      1%          3
f - Starburst             Conj/Fire      33%        6d10      1%          6
g - Swiftness             Air            29%        N/A       2%          3

Your spell library contained the following spells:

 Spells                   Type           Power      Damage    Failure   Level
 Yara's Violent Unravell  Hex/Tmut       11%        3d6       9%          5
 Slow                     Hex            92%        N/A       1%          1
 Corpse Rot               Necr/Air       52%        N/A       1%          2
 Passwall                 Tmut/Erth      21%        N/A       1%          2
 Poisonous Vapours        Pois/Air       58%        N/A       1%          2
 Dazzling Flash           Conj/Hex       100%       N/A       1%          3
 Fulminant Prism          Conj/Hex       25%        3d14      1%          4
 Iskenderun's Mystic Bla  Conj/Tloc      52%        2d11      1%          4
 Gell's Gravitas          Tloc           29%        N/A       2%          3
 Lesser Beckoning         Tloc           29%        N/A       2%          3
 Teleport Other           Tloc           29%        N/A       2%          3
 Confusing Touch          Hex            23%        N/A       3%          3
 Vampiric Draining        Necr           23%        2d7       3%          3
 Lee's Rapid Deconstruct  Erth           14%        3d10*     6%          5
 Malign Gateway           Summ/Tloc      14%        N/A       99%         7
 Summon Horrible Things   Summ           14%        N/A       100%        8


Dungeon Overview and Level Annotations

Branches:
Dungeon (12/15)            Temple (1/1) D:4            Lair (0/6) D:8
    Orc (0/2) D:12        Gauntlet (1/1)

Altars:
Ashenzari
Cheibriados
Dithmenos
Elyvilon
Fedhas
Gozag
Hepliaklqana
Kikubaaqudgha
Makhleb
Nemelex Xobeh
Okawaru
Qazlal
Ru
Sif Muna
Trog
Uskayaw
Vehumet
Wu Jian
Xom
Yredelemnul
Zin
The Shining One

Shops:
D:4 (   D:10 =

Annotations:
D:7 2 transporters, Thraspic's ghost, novice VSFi Gauntlet 6 transporters


Innate Abilities, Weirdness & Mutations

You have a pair of small antennae on your head.
You are frail. (-10% HP)


Message History

You kill the minotaur!
Vehumet accepts your kill.
You feel your power returning.
Unknown command.
g - an amulet of reflection
Q - 2 scrolls labelled OCRENGOQ AKHEVOGA (gained 1)
Items here: ( [ | †.
l - a staff of poison You feel stable enough to blink again.
You start resting.
Your extra speed is starting to run out.
Things that are here:
5 silver javelins; a +0 chain mail; a minotaur corpse You feel yourself slow down.
There is an open door here.
Found a book of Minor Magic.
You reach down and open the door.
A minotaur zombie comes into view.
Casting: Starburst (dangerous; 1% risk of failure)
Confirm with . or Enter, or press ? or * to list all spells.
The fire begins to smoulder!
The minotaur zombie hits you!
* * * LOW HITPOINT WARNING * * *
The minotaur zombie closely misses you.
The fire ignites!
Casting: Conjure Flame (safe; 1% risk of failure)
Confirm with . or Enter, or press ? or * to list all spells.
Casting: Starburst (dangerous; 1% risk of failure)
Press: ? - help, Dir - look around, f - activate The bolt of fire hits the minotaur zombie!!
The minotaur zombie is moderately damaged.
Unknown command.
Casting: Starburst (dangerous; 1% risk of failure)
Confirm with . or Enter, or press ? or * to list all spells.
Casting: Starburst (dangerous; 1% risk of failure)
Press: ? - help, Dir - look around, f - activate The bolt of fire hits the minotaur zombie!!
The minotaur zombie is heavily damaged.
The minotaur zombie is engulfed in blazing flames.
The minotaur zombie hits you!
You die...

####.###.###.####
###.###.###.###
#.............#
#.###.###.###.#
#.............#
#######'#######
###.## #.∩..###
#.@Z⌠'.#
#:'⌠...###
###..⌠.# ###+##


You could see a minotaur zombie.

Vanquished Creatures
  A minotaur (Gauntlet)
  Snorg (D:11)
  Josephine (D:11)
  2 boulder beetles
  A centaur warrior (D:8)
  3 death yaks (Gauntlet)
  2 necromancers (Gauntlet)
  A cyclops (D:8)
  2 manticores (D:8)
  2 unseen horrors (D:10)
  Maggie (D:8)
  3 trolls
  A slime creature (D:8)
  11 yaks
  Sigmund (D:4)
  5 wraiths (D:11)
  A steam dragon (D:8)
  3 swamp worms (Gauntlet)
  An acid dragon (D:8)
  A water moccasin (D:6)
  4 ice beasts
  8 orc warriors
  2 black bears
  3 necrophages
  4 ogres (D:9)
  3 wolves (Gauntlet)
  8 centaurs
  4 kobold brigands
  2 bullfrogs
  A gnoll sergeant (D:8)
  2 scorpions
  A wyvern zombie (D:9)
  A water moccasin zombie (D:6)
  A water moccasin skeleton (D:6)
  7 killer bees
  4 wights (D:7)
  4 howler monkeys
  A bullfrog zombie (D:7)
  5 centaur zombies
  9 orc priests
  4 gnoll shamans
  4 hounds
  Crazy Yiuf (D:5)
  A bullfrog skeleton (D:4)
  6 jellies
  Ijyb (D:5)
  An iguana (D:5)
  11 orc wizards
  2 howler monkey zombies
  16 gnolls
  A howler monkey skeleton (D:6)
  9 adders
  5 white imps
  2 adder skeletons (D:4)
  A worm (D:2)
  3 dart slugs
  27 orcs
  5 bats
  10 endoplasms
  A giant cockroach (D:2)
  10 goblins
  10 hobgoblins
  4 jackals (D:2)
  20 kobolds
  6 ball pythons
  5 frilled lizards (D:1)
  7 rats
291 creatures vanquished.

Vanquished Creatures (collateral kills)
  A two-headed ogre (D:11)
  A killer bee (D:10)
2 creatures vanquished.

Vanquished Creatures (others)
  6 fungi (D:9)
  9 plants (D:9)
  A withered plant (Gauntlet)
16 creatures vanquished.

Grand Total: 309 creatures vanquished

Notes
Turn   | Place    | Note
-------+----------+-------------------------------------------
     0 | D:1      | pokeman the Deep Elf Hedge Wizard began the quest for the
                  | Orb.
     0 | D:1      | Reached XP level 1. HP: 10/10 MP: 7/7
   529 | D:1      | Reached XP level 2. HP: 2/16 MP: 0/9
  1033 | D:1      | Reached skill level 5 in Spellcasting
  1280 | D:1      | Found a faded altar of an unknown god.
  1427 | D:1      | Reached XP level 3. HP: 20/20 MP: 9/11
  1431 | D:1      | Learned a level 3 spell: Mephitic Cloud
  1434 | D:1      | Learned a level 2 spell: Call Imp
  1437 | D:1      | Learned a level 2 spell: Blink
  1441 | D:1      | Learned a level 3 spell: Conjure Flame
  1692 | D:1      | Reached skill level 1 in Armour
  1810 | D:1      | Reached skill level 1 in Fighting
  2358 | D:2      | Reached XP level 4. HP: 25/25 MP: 7/13
  2620 | D:2      | Reached skill level 1 in Fire Magic
  3393 | D:2      | Reached skill level 6 in Spellcasting
  3393 | D:2      | Reached XP level 5. HP: 28/29 MP: 3/15
  4117 | D:3      | Reached skill level 1 in Air Magic
  4630 | D:4      | Noticed Sigmund
  4775 | D:4      | Killed Sigmund
  4776 | D:4      | Reached skill level 7 in Spellcasting
  4776 | D:4      | Reached XP level 6. HP: 27/34 MP: 8/18
  4935 | D:4      | Found a staircase to the Ecumenical Temple.
  4950 | Temple   | Entered the Ecumenical Temple
  5079 | Temple   | Became a worshipper of Vehumet
  5216 | D:4      | Reached skill level 8 in Spellcasting
  5216 | D:4      | Reached skill level 1 in Earth Magic
  5312 | D:4      | Noticed an orc warrior
  5630 | D:4      | Killed an orc warrior
  5631 | D:4      | Reached skill level 1 in Poison Magic
  5631 | D:4      | Reached skill level 1 in Evocations
  5631 | D:4      | Reached XP level 7. HP: 7/38 MP: 6/20
  5920 | D:4      | Found Osauteap's Antique Weapon Shoppe.
  6370 | D:4      | Bought a fine rapier for 225 gold pieces
  6370 | D:4      | Identified the +11 rapier "Vygeliaf" {vorpal, rElec rCorr
                  | Int+2} (You bought it in a shop on level 4 of the Dungeon)
  6419 | D:5      | Entered Level 5 of the Dungeon
  6627 | D:5      | Noticed Ijyb
  6645 | D:5      | Reached skill level 9 in Spellcasting
  6649 | D:5      | Killed Ijyb
  7007 | D:5      | Reached * piety under Vehumet
  7007 | D:5      | Offered knowledge of Sandblast by Vehumet.
  7220 | D:5      | Found a runed translucent door.
  7221 | D:5      | Noticed Crazy Yiuf
  7298 | D:5      | Reached XP level 8. HP: 42/44 MP: 17/23
  7551 | D:5      | Killed Crazy Yiuf
  7760 | D:6      | Reached skill level 10 in Spellcasting
  8233 | D:6      | Reached skill level 5 in Conjurations
  8757 | D:6      | Reached skill level 11 in Spellcasting
  9383 | D:7      | Reached XP level 9. HP: 48/48 MP: 20/26
  9423 | D:7      | Noticed Thraspic's ghost (novice VSFi)
  9427 | D:7      | Found a transporter.
 10155 | D:7      | Noticed a moth of wrath
 10166 | D:7      | Found a transporter.
 10571 | D:7      | Offered knowledge of Static Discharge by Vehumet.
 10572 | D:7      | Reached skill level 5 in Fire Magic
 10635 | D:7      | Reached skill level 1 in Shields
 10635 | D:7      | Reached skill level 12 in Spellcasting
 10638 | D:7      | Reached ** piety under Vehumet
 10822 | D:7      | Found a sparkling altar of Nemelex Xobeh.
 10822 | D:7      | Found an ancient bone altar of Kikubaaqudgha.
 10823 | D:7      | Found a hide-covered altar of Uskayaw.
 11447 | D:8      | Reached skill level 13 in Spellcasting
 11447 | D:8      | Reached XP level 10. HP: 23/53 MP: 23/29
 11771 | D:8      | Offered knowledge of Ignite Poison by Vehumet.
 12014 | D:8      | Noticed a boulder beetle
 12027 | D:8      | Noticed Maggie
 12051 | D:8      | Killed a boulder beetle
 12053 | D:8      | Killed Maggie
 12422 | D:8      | Found a staircase to the Lair.
 12618 | D:8      | Noticed a manticore
 12619 | D:8      | Noticed a cyclops
 12635 | D:8      | Killed a cyclops
 12636 | D:8      | Reached skill level 14 in Spellcasting
 12681 | D:8      | Killed a manticore
 12802 | D:8      | Identified the +3 dagger "Eruejon" {protect, Str+2 Dex+3}
 13080 | D:8      | Found a shimmering altar of Xom.
 13249 | D:8      | Noticed a centaur warrior
 13267 | D:8      | Noticed a manticore
 13272 | D:8      | Killed a centaur warrior
 13518 | D:8      | Killed a manticore
 13518 | D:8      | Reached *** piety under Vehumet
 13577 | D:8      | Reached XP level 11. HP: 55/57 MP: 26/31
 13858 | D:9      | Reached skill level 15 in Spellcasting
 14162 | D:9      | Offered knowledge of Airstrike by Vehumet.
 14853 | D:9      | Reached **** piety under Vehumet
 14890 | D:9      | Offered knowledge of Yara's Violent Unravelling by Vehumet.
 15426 | D:9      | Found a hazy altar of Hepliaklqana.
 15449 | D:10     | Entered Level 10 of the Dungeon
 15545 | D:10     | Learned a level 6 spell: Starburst
 15643 | D:10     | HP: 3/60 [cloud of noxious fumes (2)]
 15644 | D:10     | HP: 1/60 [cloud of noxious fumes (1)]
 15950 | D:10     | Found Yqupnu's Jewellery Shop.
 16672 | D:11     | Reached skill level 16 in Spellcasting
 16824 | D:11     | Noticed a two-headed ogre
 16845 | D:11     | Killed a two-headed ogre
 16991 | D:11     | Noticed Snorg
 17006 | D:11     | Killed Snorg
 17092 | D:11     | Noticed Josephine
 17100 | D:11     | Killed Josephine
 17576 | D:11     | Noticed a boulder beetle
 17582 | D:11     | HP: 3/61 [boulder beetle (58)]
 17604 | D:11     | Killed a boulder beetle
 17605 | D:11     | Reached XP level 12. HP: 8/66 MP: 8/34
 18018 | D:11     | Learned a level 3 spell: Swiftness
 18451 | D:12     | Found a gate leading to a gauntlet.
 18457 | Gauntlet | Entered a Gauntlet
 18457 | Gauntlet | Found a transporter.
 18457 | Gauntlet | Found a transporter.
 18457 | Gauntlet | Found a transporter.
 18467 | Gauntlet | Found a transporter.
 18470 | Gauntlet | Found a transporter.
 18484 | Gauntlet | Found a transporter.
 18484 | Gauntlet | Found a transporter.
 18486 | Gauntlet | Noticed a death yak
 18489 | Gauntlet | Noticed a death yak
 18489 | Gauntlet | Noticed a death yak
 18493 | Gauntlet | Found a transporter.
 18508 | Gauntlet | Noticed a death yak
 18510 | Gauntlet | Noticed a death yak
 18510 | Gauntlet | Noticed a death yak
 18511 | Gauntlet | Found a transporter.
 18511 | Gauntlet | Noticed a death yak
 18518 | Gauntlet | Found a transporter.
 18521 | Gauntlet | Found a transporter.
 18537 | Gauntlet | Found a transporter.
 18787 | Gauntlet | Reached skill level 17 in Spellcasting
 18968 | Gauntlet | Killed a death yak
 18970 | Gauntlet | Killed a death yak
 18971 | Gauntlet | Reached skill level 10 in Conjurations
 18973 | Gauntlet | Killed a death yak
 19170 | Gauntlet | Identified the ring "Nuosk" {Wiz Fly rCorr Str+6 Dex-4}
 19192 | Gauntlet | Noticed a minotaur
 19201 | Gauntlet | Gained mutation: You have a pair of small antennae on your
                  | head. [potion of mutation]
 19201 | Gauntlet | Gained mutation: You are frail. (-10% HP) [potion of
                  | mutation]
 19208 | Gauntlet | Killed a minotaur
 19264 | Gauntlet | Mangled by a minotaur zombie

Illustrated notes

Levels and vault maps discovered:
D:1:      ncdulo_halloftheorcs, layout_loops_corners, basic_ecumenical_altar,
          nrook_loot_triangle, minmay_heptomino_w4
D:2:      layout_basic, kennysheep_boxes
D:3:      layout_rooms
D:4:      layout_basic, minmay_temple_entry_grid, serial_shops,
          nicolae_shop_window_shopping, uniq_sigmund
D:5:      layout_rooms, minmay_starry_boxes, uniq_ijyb, uniq_crazy_yiuf_cottage
D:6:      layout_basic
D:7:      layout_basic, nicolae_overflow_hidden_temple,
          gammafunk_ghost_berserking_beasts, nicolae_figureground_pulse
D:8:      minmay_the_grid_octo_tiled_octocenter [minmay_the_grid_octo_focus,
          minmay_the_grid_octo_teeth, minmay_the_grid_octo_toaster,
          minmay_the_grid_octo_fat_diamond,
          minmay_the_grid_octo_prize_single_spiral,
          minmay_the_grid_square_5x5_two, minmay_the_grid_square_5x5_inner_z,
          minmay_the_grid_square_5x5_minibox, minmay_the_grid_square_5x5_slash],
          layout_loops_ring, kennysheep_little_box, lair_entry_dummy,
          uniq_maggie
D:9:      kennysheep_seaside_town, layout_irregular_city,
          nicolae_hepliaklqana_hippocampus
D:10:     layout_cave_pools, serial_shops,
          nicolae_shop_competitors_out_of_business
D:11:     layout_rooms, uniq_josephine, uniq_snorg
D:12:     layout_basic, orc_david_3, gauntlet_entry_generic, uniq_jorgrun,
          uniq_rupert, uniq_nergalle, uniq_azrael
Temple:   minmay_crystal_spiral_temple
Gauntlet: minmay_gauntlet_mixed_big_or_small [nicolae_gauntlet_arena_quarters,
          minmay_gauntlet_arena_77_two_paths, nicolae_gauntlet_arena_t_cross,
          minmay_gauntlet_arena_77_double_cross,
          gammafunk_gauntlet_arena_chambers, minmay_gauntlet_arena_77_fan,
          gauntlet_exit_hidden_loot]

Skill      XL: |  1  2  3  4  5  6  7  8  9 10 11 12 |
---------------+-------------------------------------+-----
Spellcasting   | 5 6 7 8 9 11 13 14 16 17 | 17.5
Armour         | 1 2 3 4 |  4.1
Fighting       | 1 2 4 |  4.0
Conjurations   | 2 3 4 5 6 8 9 10 | 10.2
Fire Magic     | 1 2 4 5 7 9 |  9.5
Dodging        | 3 |  3.0
Air Magic      | 1 |  1.1
Stealth        | 3 |  3.0
Earth Magic    | 1 |  1.1
Poison Magic   | 1 |  1.0
Evocations     | 1 |  1.3
Shields        | 2 4 |  4.0
Summonings     | |  1.1
Translocations | |  1.1

Action                   |  1- 3 |  4- 6 |  7- 9 | 10-12 || total
-------------------------+-------+-------+-------+-------++-------
Melee: Dagger            |     6 |     1 |       |       ||     7
       Staff             |       |    20 |       |       ||    20
       Rapier            |       |       |    64 |   134 ||   198
 Cast: Magic Dart        |   109 |   110 |   269 |   149 ||   637
       Conjure Flame     |       |     7 |    32 |    55 ||    94
       Mephitic Cloud    |       |     5 |    20 |    49 ||    74
       Call Imp          |       |     1 |     2 |     5 ||     8
       Blink             |       |       |     4 |     6 ||    10
       Starburst         |       |       |       |    44 ||    44
Evoke: Wand              |       |       |       |     7 ||     7
       Condenser vane    |       |       |       |     1 ||     1
  Use: Potion            |       |       |       |     4 ||     4
       Scroll            |       |       |       |    10 ||    10
 Stab: Confused          |       |     2 |     1 |     8 ||    11
       Sleeping          |       |       |       |     1 ||     1
Armor: Robe              |     1 |       |       |       ||     1
       Leather armour    |     2 |     5 |    21 |     3 ||    31
       Acid dragon scale |       |       |       |    80 ||    80
Dodge: Dodged            |    10 |    34 |    71 |    99 ||   214
Block: Buckler           |       |       |       |    23 ||    23

Table legend: (Time is in decaauts)
 A = Elapsed time spent in this place.
 B = Non-inter-level travel time spent in this place.
 C = Inter-level travel time spent in this place.
 D = Time resting spent in this place.
 E = Time spent auto-exploring this place.
 F = Levels seen in this place.
 G = Mean time per level.
                   A        B        C        D        E       F      G
               +--------+--------+--------+--------+--------+-----+--------+
         Total |  19301 |  18334 |    967 |   2289 |  13062 |  14 | 1378.6 |
       Dungeon |  17988 |  17111 |    877 |   1608 |  12942 |  12 | 1499.0 |
        Temple |    523 |    434 |     89 |    241 |    106 |   1 |  523.0 |
      Gauntlet |    789 |    789 |      0 |    440 |     14 |   1 |  789.0 |
               +--------+--------+--------+--------+--------+-----+--------+

Top non-repeatable levels by time:
     D:8: 2752 daAuts
     D:9: 2170 daAuts
     D:1: 2129 daAuts
     D:4: 1808 daAuts
     D:7: 1719 daAuts
     D:6: 1628 daAuts
     D:2: 1603 daAuts
    D:11: 1427 daAuts
     D:5: 1152 daAuts
    D:10: 930 daAuts
Gauntlet: 789 daAuts
     D:3: 647 daAuts
  Temple: 523 daAuts
    D:12: 17 daAuts
